 Dungeon Sprint DCSS version 0.23.2-33-g5129a83184 (webtiles) character file.

Game seed: 1909690966517107520

668 t4s4d4r the Impaler (level 7, -7/63 HPs)
             Began as a Merfolk Gladiator on July 22, 2019.
             Was an Initiate of Makhleb.
             Killed from afar by a steam dragon (13 damage)
             ... with a ball of steam
             ... in the Dungeon (Sprint IX: "|||||||||||||||||||||||||||||").
             The game lasted 00:01:20 (221 turns).

t4s4d4r the Impaler (Merfolk Gladiator)              Turns: 221, Time: 00:01:21

Health: -7/63      AC: 10    Str: 16    XL:     7   Next: 58%
Magic:  7/7        EV: 18    Int:  8    God:    Makhleb [......]
Gold:   0          SH:  0    Dex: 18    Spells: 6/6 levels left

rFire    . . .     SeeInvis .   b - +2 halberd (venom)
rCold    . . .     Gourm    .   (shield currently unavailable)
rNeg     . . .     Faith    .   t - +1 scale mail
rPois    .         Spirit   .   p - +0 helmet
rElec    .         Reflect  .   (no cloak)
rCorr    .         Harm     .   q - +0 pair of gloves
MR       .....     NoTele   +   (no boots)
Stlth    ..........             (no amulet)
HPRegen  0.20/turn              r - +2 ring of evasion
MPRegen  0.10/turn              s - +3 ring of dexterity

@: lethally poisoned (-7 -> -10), slowed, very slow
A: change form in water, swift swim, stealthy swim
a: Renounce Religion


You were in the Dungeon.
You worshipped Makhleb.
Makhleb was noncommittal.
You were not hungry.

You visited 1 branch

Inventory:

Hand Weapons
 a - a +0 trident
 b - a +2 halberd of venom (weapon)
Missiles
 d - 3 throwing nets (quivered)
Armour
 p - a +0 helmet (worn)
 q - a +0 pair of gloves (worn)
 t - a +1 scale mail (worn)
Jewellery
 r - a +2 ring of evasion (left hand)
 s - a +3 ring of dexterity (right hand)
Wands
 o - a wand of acid (10)
Scrolls
 k - 2 scrolls of blinking
 m - 3 scrolls of remove curse
 n - 2 scrolls of amnesia
Potions
 e - 5 potions of curing
 g - 2 potions of heal wounds
 h - a potion of haste
 i - 4 potions of magic
 j - a potion of invisibility
Comestibles
 f - a ration
 l - 11 chunks of flesh


   Skills:
 + Level 8.8 Fighting
 * Level 15.2 Polearms
 - Level 2.0 Throwing
 + Level 2.9 Armour
 + Level 10.7 Dodging


You had 6 spell levels left.
You didn't know any spells.
Your spell library was empty.

Dungeon Overview and Level Annotations

Branches:
Dungeon (1/1)

Altars:
Cheibriados
Dithmenos
Elyvilon
Fedhas
Gozag
Hepliaklqana
Kikubaaqudgha
Makhleb
Nemelex Xobeh
Okawaru
Qazlal
Ru
Sif Muna
Trog
Uskayaw
Vehumet
Wu Jian
Xom
Yredelemnul
Zin
The Shining One
Beogh
Jiyva
Lugonu


Message History

You are engulfed in a cloud of scalding steam.
* * * LOW HITPOINT WARNING * * *
You feel sick. The steam dragon closely misses you.
The steam dragon completely misses you.
You feel much better.
You feel sick. The steam dragon breathes steam at you.
The ball of steam hits you! The steam dragon barely misses you.
The steam dragon closely misses you.
Attack whom?
Press: ? - help, Dir - move target cursor, f/p - steam dragon
Aim: a steam dragon (moderately wounded, poisoned, catching its breath)
You hit the steam dragon but do no damage.
The steam dragon looks as sick as possible!
The steam dragon is moderately wounded.
You are engulfed in a cloud of scalding steam.
* * * LOW HITPOINT WARNING * * *
You feel sick. The steam dragon breathes steam at you.
The ball of steam hits you!
You die...

▓.▓
▓.▓
▓|▓
▓)▓
▓§▓
▓[▓
▓§▓
▓§▓
▓@▓
▓D▓
▓Y▓
▓Z▓
▓y▓
▓.▓
▓.▓
▓.▓


You could see a yak, a steam dragon, a killer bee and a bat skeleton.

Vanquished Creatures
  A hornet (D)
  A wyvern (D)
  An ice beast (D)
  An ogre (D)
  A centaur (D)
  A crimson imp (D)
  An adder (D)
  A bat (D)
  2 hobgoblins (D)
  A jackal (D)
  A rat (D)
12 creatures vanquished.

Notes
Turn   | Place    | Note
-------+----------+-------------------------------------------
     0 | D        | t4s4d4r the Merfolk Gladiator began the quest for the Orb.
     0 | D        | Reached XP level 1. HP: 16/16 MP: 1/1
     5 | D        | Reached skill level 5 in Polearms
    65 | D        | Noticed an ice beast
    65 | D        | Noticed an ogre
    65 | D        | Noticed a centaur
    65 | D        | Noticed a crimson imp
    70 | D        | Killed an ice beast
    70 | D        | Reached skill level 5 in Fighting
    70 | D        | Reached skill level 9 in Polearms
    70 | D        | Reached XP level 2. HP: 27/27 MP: 2/2
    70 | D        | Reached XP level 3. HP: 33/33 MP: 3/3
    70 | D        | Reached XP level 4. HP: 39/39 MP: 4/4
    73 | D        | Killed an ogre
    73 | D        | Reached skill level 11 in Polearms
    73 | D        | Reached XP level 5. HP: 47/47 MP: 5/5
    75 | D        | Killed a centaur
    75 | D        | Reached skill level 12 in Polearms
    75 | D        | Reached XP level 6. HP: 55/55 MP: 6/6
    79 | D        | Reached skill level 13 in Polearms
   116 | D        | Found a roughly hewn altar of Beogh.
   116 | D        | Found a snail-covered altar of Cheibriados.
   116 | D        | Found a shadowy altar of Dithmenos.
   116 | D        | Found a white marble altar of Elyvilon.
   116 | D        | Found a blossoming altar of Fedhas.
   116 | D        | Found an opulent altar of Gozag.
   117 | D        | Found a hazy altar of Hepliaklqana.
   118 | D        | Found a viscous altar of Jiyva.
   119 | D        | Found an ancient bone altar of Kikubaaqudgha.
   120 | D        | Found a corrupted altar of Lugonu.
   121 | D        | Found a burning altar of Makhleb.
   122 | D        | Found a sparkling altar of Nemelex Xobeh.
   123 | D        | Found an iron altar of Okawaru.
   124 | D        | Found a stormy altar of Qazlal.
   125 | D        | Found a sacrificial altar of Ru.
   126 | D        | Found a deep blue altar of Sif Muna.
   127 | D        | Found a bloodstained altar of Trog.
   128 | D        | Found a hide-covered altar of Uskayaw.
   129 | D        | Became a worshipper of Makhleb the Destroyer
   130 | D        | Found a radiant altar of Vehumet.
   131 | D        | Found an ornate altar of the Wu Jian Council.
   132 | D        | Found a shimmering altar of Xom.
   133 | D        | Found a basalt altar of Yredelemnul.
   134 | D        | Found a glowing silver altar of Zin.
   135 | D        | Found a glowing golden altar of the Shining One.
   205 | D        | Noticed a wyvern
   205 | D        | Noticed a hornet
   205 | D        | Noticed a steam dragon
   205 | D        | Noticed a yak
   212 | D        | Killed a wyvern
   212 | D        | Reached skill level 14 in Polearms
   212 | D        | Reached skill level 1 in Armour
   212 | D        | Reached skill level 10 in Dodging
   212 | D        | Reached XP level 7. HP: 35/62 MP: 7/7
   216 | D        | Killed a hornet
   216 | D        | Reached skill level 15 in Polearms
   221 | D        | Killed from afar by a steam dragon

Skill      XL: |  1  2  3  4  5  6  7 |
---------------+----------------------+-----
Polearms       | 9 11 12 14 15 | 15.2
Fighting       | 5 6 7 8 |  8.8
Dodging        | 7 8 9 10 | 10.7
Armour         | 1 2 |  2.9
Throwing       | |  2.0

Action                   |  1- 3 |  4- 6 |  7- 9 || total
-------------------------+-------+-------+-------++-------
Melee: Trident           |    22 |    15 |       ||    37
       Halberd           |       |     7 |     8 ||    15
  Use: Potion            |     1 |       |     1 ||     2
Armor: Leather armour    |     4 |       |       ||     4
       Scale mail        |       |     2 |     2 ||     4
Dodge: Dodged            |    14 |    14 |     7 ||    35
